[Event "ICC tourney 2532 (25 5)"]
[Site "Internet Chess Club"]
[Date "2021.04.25"]
[Round "6"]
[White "WERNER CHASIN, NICO:K12-14955471"]
[Black "MILLER COY, MATTHEW:K12-14688435"]
[Result "1-0"]
[ICCResult "Black resigns"]
[WhiteElo "2392"]
[BlackElo "1954"]
[Opening "Giuoco Piano"]
[ECO "C50"]
[NIC "IG.02"]
[Time "13:00:08"]
[PlyCount "105"]
[TimeControl "1500+5"]

1. e4 e5 2. Nf3 Nc6 3. Bc4 Bc5 4. O-O d6 5. c3 Nf6 6. d4 exd4 7. cxd4 Bb6
8. Nc3 Bg4 9. Be3 O-O 10. Qd3 h6 11. a3 Re8 12. Nd2 Bh5 13. f3 Bg6 14. Nd5
Nxd5 15. Bxd5 Qf6 16. Nb3 a5 17. Rad1 a4 18. Nc1 Ra5 19. Qd2 Kh7 20. Ne2
Ra7 21. Nf4 Na5 22. Ba2 c6 23. Qc3 Kh8 24. e5 Qe7 25. Nxg6+ fxg6 26. Rfe1
d5 27. Bb1 Qe6 28. Qc2 Nc4 29. Bf2 Kh7 30. h4 h5 31. g4 hxg4 32. h5 gxf3
33. Qxg6+ Kg8 34. Qh7+ Kf8 35. Kh2 Qh6 36. Qxh6 gxh6 37. Rd3 Bd8 38. Rxf3+
Kg8 39. Rg1+ Bg5 40. Rf6 Kh8 41. Bh4 b5 42. Bxg5 hxg5 43. Rh6+ Kg8 44.
Rxg5+ Rg7 45. Rxg7+ Kxg7 46. Rxc6 Nxb2 47. h6+ Kh8 48. Bg6 Rg8 49. h7 Rf8
50. e6 Nc4 51. e7 Rb8 52. Rf6 Kg7 53. Rf8 { Black resigns } 1-0

[Event "ICC tourney 2532 (25 5)"]
[Site "Internet Chess Club"]
[Date "2021.04.25"]
[Round "6"]
[White "DOMMALAPATI, AASA:K12-13778456"]
[Black "MANTA, JAUSS:K12-16474385"]
[Result "0-1"]
[ICCResult "White resigns"]
[WhiteElo "1997"]
[BlackElo "1160"]
[Opening "Pirc: Ufimtsev-Pytel variation"]
[ECO "B07"]
[NIC "PU.08"]
[Time "13:01:04"]
[PlyCount "133"]
[TimeControl "1500+5"]

1. e4 d6 2. d4 Nf6 3. Nc3 c6 4. a4 Nbd7 5. f4 e5 6. Nf3 exd4 7. Nxd4 Be7 8.
Be2 Nc5 9. Bf3 O-O 10. O-O Re8 11. b4 Ne6 12. a5 d5 13. Rb1 Nxd4 14. Qxd4
dxe4 15. Qxd8 Bxd8 16. Be2 e3 17. Rf3 Bc7 18. Rxe3 Bf5 19. Bd3 Bxd3 20.
Rxd3 Re1+ 21. Kf2 Rae8 22. Bd2 Ne4+ 23. Kf3 Nxd2+ 24. Rxd2 R1e3+ 25. Kf2
Rxc3 26. g3 b6 27. a6 Ra3 28. Rd7 Bd8 29. Re1 Kf8 30. Rxa7 Ra2 31. Rc1 b5
32. Kf3 Bb6 33. Rb7 Rxa6 34. Rd1 Ra3+ 35. Kg4 Rd8 36. Re1 Re3 37. Rxe3 Bxe3
38. Rc7 Rd6 39. Kf3 Bd4 40. Ke4 Bc3 41. f5 Bxb4 42. g4 c5 43. h3 Rd4+ 44.
Kf3 Rd2 45. Rb7 Rxc2 46. Rxb5 Rc3+ 47. Kg2 Ba3 48. g5 Re3 49. f6 gxf6 50.
gxf6 Re6 51. Rb8+ Re8 52. Rb3 Bb4 53. Rf3 Rd8 54. Re3 Rd6 55. Rf3 c4 56.
Rf4 Rc6 57. Rd4 Rc8 58. Rh4 Bc3 59. Rxh7 Bxf6 60. Rh6 Bg7 61. Rd6 c3 62.
Rd1 c2 63. Rc1 Bb2 64. Rxc2 Rxc2+ 65. Kf3 Rc3+ 66. Kg4 Ke7 67. Kh4 { White
resigns } 0-1

[Event "ICC tourney 2532 (25 5)"]
[Site "Internet Chess Club"]
[Date "2021.04.25"]
[Round "6"]
[White "BIYANOV, ALEX:K12-15198345"]
[Black "KOZINTSEV, DANIEL:K12-14508214"]
[Result "0-1"]
[ICCResult "White resigns"]
[WhiteElo "1563"]
[BlackElo "755"]
[Opening "Caro-Kann: Panov-Botvinnik attack, 5...e6"]
[ECO "B14"]
[NIC "CK.03"]
[Time "13:01:22"]
[PlyCount "124"]
[TimeControl "1500+5"]

1. e4 c6 2. d4 d5 3. exd5 cxd5 4. c4 Nf6 5. Nc3 e6 6. c5 b6 7. Bb5+ Bd7 8.
Bxd7+ Nbxd7 9. c6 Nb8 10. Qa4 Qd6 11. Nb5 Qb4+ 12. Qxb4 Bxb4+ 13. Bd2 Nxc6
14. Nc7+ Kd7 15. Nxa8 Bxd2+ 16. Kxd2 Nxd4 17. f3 Rxa8 18. Ne2 Nb5 19. a4
Nd6 20. b3 a5 21. Rhc1 e5 22. Rc2 Nb7 23. Rb1 d4 24. b4 axb4 25. Rxb4 Nd5
26. Rb5 Nc5 27. Ra2 Kc6 28. Rb1 Rxa4 29. Rxa4 Nxa4 30. g3 Nac3 31. Rc1 b5
32. f4 f6 33. Ra1 b4 34. Ra6+ Kb7 35. Re6 Ne4+ 36. Kc2 d3+ 37. Kxd3 Nc5+
38. Kc4 Nxe6 39. Kxd5 exf4 40. gxf4 Nc7+ 41. Kc4 Na6 42. Nd4 Nc7 43. f5 g6
44. Kxb4 Kc8 45. Kc5 Kd7 46. fxg6 hxg6 47. Nf3 Ke6 48. Kd4 g5 49. Ke3 Nd5+
50. Kf2 Nf4 51. Kg3 Ng6 52. Kf2 Nh4 53. Nd2 Ke5 54. Nc4+ Kf4 55. Ne3 f5 56.
Nd5+ Kg4 57. Nf6+ Kh3 58. Nh7 g4 59. Nf6 Kxh2 60. Nh5 Ng6 61. Ng3 f4 62.
Nf1+ Kh1 { White resigns } 0-1

[Event "ICC tourney 2532 (25 5)"]
[Site "Internet Chess Club"]
[Date "2021.04.25"]
[Round "6"]
[White "TAHMASSEBI, BIJAN:K12-14989940"]
[Black "HAUPTMAN, JACK:K12-15575055"]
[Result "1/2-1/2"]
[ICCResult "Game drawn because neither player has mating material"]
[WhiteElo "2174"]
[BlackElo "1916"]
[Opening "Alekhine's defense: four pawns attack, Trifunovic variation"]
[ECO "B03"]
[NIC "AL.07"]
[Time "13:01:04"]
[PlyCount "128"]
[TimeControl "1500+5"]

1. e4 Nf6 2. e5 Nd5 3. d4 d6 4. c4 Nb6 5. f4 Bf5 6. Nc3 e6 7. Be3 Be7 8.
Nf3 dxe5 9. fxe5 Nc6 10. Be2 O-O 11. O-O Qd7 12. Qe1 Nb4 13. Rd1 Nc2 14.
Qf2 Nxe3 15. Qxe3 Rac8 16. Kh1 c6 17. b3 Rfd8 18. Bd3 f6 19. Bxf5 exf5 20.
e6 Qc7 21. Nh4 g6 22. Rd3 f4 23. Rxf4 f5 24. Nf3 a5 25. h4 Ra8 26. Ne5 Bd6
27. c5 Bxe5 28. cxb6 Qd6 29. Rf1 Bxd4 30. Rfd1 Bxe3 31. Rxd6 Rxd6 32. Rxd6
Bxb6 33. Rd7 Rb8 34. g3 Bc5 35. Na4 Bb4 36. Nb6 h6 37. Kg2 Bc5 38. Nc4 b6
39. Rc7 Re8 40. Rxc6 Kg7 41. Nxb6 Bxb6 42. Rxb6 Re7 43. a3 Kf6 44. Kf3 Rxe6
45. Rxe6+ Kxe6 46. Kf4 Kf6 47. b4 axb4 48. axb4 g5+ 49. Ke3 Ke5 50. b5 Kd5
51. b6 Kc6 52. Kd4 Kxb6 53. Ke5 f4 54. gxf4 gxf4 55. Kxf4 Kc6 56. Kf5 Kd6
57. Kf6 h5 58. Kg6 Ke6 59. Kxh5 Kf5 60. Kh6 Kf6 61. Kh7 Kf5 62. h5 Kf6 63.
Kg8 Kg5 64. h6 Kxh6 { Game drawn because neither player has mating material
} 1/2-1/2

[Event "ICC tourney 2532 (25 5)"]
[Site "Internet Chess Club"]
[Date "2021.04.25"]
[Round "6"]
[White "HELLER, JACK:K12-15613715"]
[Black "HENRY MOSES, KOLE:K12-14682221"]
[Result "0-1"]
[ICCResult "White checkmated"]
[WhiteElo "1927"]
[BlackElo "1347"]
[Opening "Sicilian: Smith-Morra gambit"]
[ECO "B21"]
[NIC "SI.48"]
[Time "13:00:45"]
[PlyCount "156"]
[TimeControl "1500+5"]

1. e4 c5 2. d4 cxd4 3. c3 dxc3 4. Nxc3 Nc6 5. Nf3 e6 6. Bc4 Bb4 7. O-O h6
8. Qe2 Nge7 9. Rd1 a6 10. Bf4 b5 11. Bxb5 axb5 12. Nxb5 O-O 13. Bc7 Qe8 14.
a3 Ba6 15. axb4 Qc8 16. Nd6 Bxe2 17. Nxc8 Raxc8 18. Rxd7 Bxf3 19. gxf3 Ng6
20. Bd6 Rfd8 21. Rxd8+ Rxd8 22. Bc5 Rd2 23. b5 Nce5 24. b4 Nxf3+ 25. Kh1
Ngh4 26. b6 Rd7 27. Bd6 Rxd6 28. b7 Rb6 29. Ra8+ Kh7 30. b8=Q Rxb8 31. Rxb8
Ne5 32. f4 Nd3 33. b5 Nf2+ 34. Kg1 Nxe4 35. b6 Nd6 36. Rd8 Nhf5 37. Rd7 Kg6
38. b7 Nxb7 39. Rxb7 Kf6 40. Kf2 g5 41. Kf3 Nh4+ 42. Kg3 Ng6 43. fxg5+ hxg5
44. Kf3 Nh4+ 45. Kg4 Ng6 46. Kf3 Ne5+ 47. Ke4 Ng4 48. Kf3 Nh6 49. h3 Kf5
50. Rb5+ e5 51. Rb6 f6 52. Rb4 Nf7 53. h4 gxh4 54. Rxh4 e4+ 55. Ke3 Ng5 56.
Rf4+ Ke5 57. Rg4 Kf5 58. Rf4+ Kg6 59. Rxe4 Nxe4 60. Kxe4 Kg5 61. Kf3 Kf5
62. Kg3 Ke4 63. Kf2 Kf4 64. Kf1 Kf3 65. Kg1 f5 66. Kf1 f4 67. Kg1 Ke2 68.
Kg2 f3+ 69. Kg3 f2 70. Kg4 f1=Q 71. Kg5 Ke3 72. Kg6 Ke4 73. Kg7 Qf5 74. Kg8
Qf6 75. Kh7 Qg5 76. Kh8 Kf5 77. Kh7 Kf6 78. Kh8 Qg7# { White checkmated }
0-1

[Event "ICC tourney 2532 (25 5)"]
[Site "Internet Chess Club"]
[Date "2021.04.25"]
[Round "6"]
[White "YOGESH MEHTA, HARSHIL:K12-14612857"]
[Black "PRAKASH SINGH, AAYUSH:K12-14598152"]
[Result "1-0"]
[ICCResult "Black checkmated"]
[WhiteElo "1288"]
[BlackElo "1787"]
[Opening "Giuoco Pianissimo: Italian four knights variation"]
[ECO "C55"]
[NIC "IG.01"]
[Time "13:01:04"]
[PlyCount "107"]
[TimeControl "1500+5"]

1. e4 e5 2. Nf3 Nc6 3. Bc4 Nf6 4. d3 Bc5 5. Nc3 d6 6. h3 O-O 7. Bg5 Be6 8.
O-O Bxc4 9. dxc4 h6 10. Bh4 g5 11. Bg3 Nh5 12. Bh2 Nf4 13. Nd5 Nd4 14. a4
c6 15. Nxd4 Bxd4 16. Nxf4 gxf4 17. Bxf4 Qh4 18. Be3 Bxe3 19. fxe3 Qxe4 20.
Qxd6 Qxe3+ 21. Kh1 Rad8 22. Qe7 Qg5 23. Qxb7 Rd2 24. Qxc6 Rxc2 25. b4 Qh4
26. Rac1 Rxc1 27. Rxc1 Qf4 28. Re1 Qd2 29. Qe4 Re8 30. c5 f5 31. Qc4+ Kg7
32. Rf1 f4 33. Qe4 Qd7 34. b5 Kf6 35. Rb1 Qd4 36. Qc6+ Re6 37. Qc8 Qxa4 38.
c6 Qe4 39. Qf8+ Kg5 40. Rc1 Qe3 41. Rd1 Qe2 42. Rb1 Qd3 43. Qg7+ Rg6 44.
Qxe5+ Kh4 45. Qxf4+ Kh5 46. Rb4 Qd1+ 47. Kh2 Rg5 48. c7 Qe2 49. Qf7+ Rg6
50. Qxg6+ Kxg6 51. Rg4+ Kh5 52. c8=Q Qe5+ 53. Rg3 Kh4 54. Qg4# { Black
checkmated } 1-0

[Event "ICC tourney 2532 (25 5)"]
[Site "Internet Chess Club"]
[Date "2021.04.25"]
[Round "6"]
[White "BANSAL, ADVAY:K12-16068511"]
[Black "GUO, ARTHUR:K12-14772092"]
[Result "0-1"]
[ICCResult "White resigns"]
[WhiteElo "1974"]
[BlackElo "2447"]
[Opening "Sicilian: Canal-Sokolsky (Nimzovich-Rossolimo, Moscow) attack"]
[ECO "B51"]
[NIC "SI.01"]
[Time "13:00:24"]
[PlyCount "124"]
[TimeControl "1500+5"]

1. e4 c5 2. Nf3 d6 3. Bb5+ Nd7 4. Ba4 Nf6 5. O-O e6 6. Re1 Be7 7. c3 a6 8.
d4 b5 9. Bc2 Bb7 10. Nbd2 Rc8 11. Nf1 Qc7 12. Bd3 O-O 13. Bg5 Rfe8 14. Ng3
h6 15. Bd2 Qb8 16. Qe2 Bf8 17. Rac1 Qa8 18. h3 g6 19. b4 cxb4 20. cxb4 Nb6
21. Rxc8 Rxc8 22. Rc1 Nc4 23. Bc3 d5 24. e5 Ne4 25. Bxe4 dxe4 26. Nd2 Nxd2
27. Qxd2 Bd5 28. a3 a5 29. Nf1 Qa7 30. Ne3 h5 31. Qb2 a4 32. Bd2 Bc4 33.
Nxc4 bxc4 34. Be3 Qc7 35. Qc3 Kh7 36. g3 Qc6 37. h4 Be7 38. Rd1 Qd5 39. Rd2
Rg8 40. Rc2 Rc8 41. Rd2 f6 42. Kh2 g5 43. exf6 Bxf6 44. Bxg5 Bxg5 45. hxg5
Qxg5 46. Qe3 Qf5 47. d5 exd5 48. Qa7+ Kg8 49. Qxa4 c3 50. Rc2 d4 51. Qb3+
Qf7 52. Qa4 d3 53. Rc1 Qxf2+ 54. Kh3 Qf5+ 55. Kh2 c2 56. Qb3+ Qf7 57. Qb2
Qg7 58. Qb3+ Kh8 59. Qe6 Rg8 60. g4 Qxg4 61. Qe5+ Kh7 62. Qe7+ Rg7 { White
resigns } 0-1

[Event "ICC tourney 2532 (25 5)"]
[Site "Internet Chess Club"]
[Date "2021.04.25"]
[Round "6"]
[White "CHEN, JUSTIN:K12-14732288"]
[Black "PHILIP MOOR, NATHANIEL:K12-15012516"]
[Result "1-0"]
[ICCResult "Black resigns"]
[WhiteElo "2390"]
[BlackElo "2180"]
[Opening "King's Indian: fianchetto, classical variation"]
[ECO "E67"]
[NIC "KI.65"]
[Time "13:01:00"]
[PlyCount "125"]
[TimeControl "1500+5"]

1. Nf3 Nf6 2. c4 g6 3. Nc3 Bg7 4. g3 d6 5. Bg2 e5 6. O-O O-O 7. d4 Nbd7 8.
b3 Re8 9. e4 exd4 10. Nxd4 Nc5 11. Re1 Ng4 12. Bb2 Qf6 13. Nf3 Nxe4 14.
Nxe4 Qxb2 15. Rb1 Qxa2 16. h3 Rxe4 17. Rxe4 Bf5 18. Nd2 Bxe4 19. Nxe4 Ne5
20. Nc3 Qa5 21. Bxb7 Rb8 22. b4 Qb6 23. Bg2 Nxc4 24. Nd5 Qd4 25. Qxd4 Bxd4
26. Ne7+ Kg7 27. Nc6 Rb6 28. Nxd4 c5 29. Rc1 Rxb4 30. Nc6 Ra4 31. Nxa7 Rxa7
32. Rxc4 Kf6 33. Rc2 Ra1+ 34. Kh2 Rd1 35. f4 Rd4 36. Kg1 c4 37. Kf2 d5 38.
Ke2 Rd3 39. Bf3 Ke6 40. Rd2 Rxd2+ 41. Kxd2 Kd6 42. h4 h6 43. Bd1 f6 44. Bc2
g5 45. Ke3 gxh4 46. gxh4 Kc5 47. Bf5 d4+ 48. Ke4 d3 49. Ke3 Kb4 50. Kd4 Kb5
51. Be6 c3 52. Kxc3 Kc5 53. Kxd3 Kd6 54. Ba2 Ke7 55. Ke4 Kf8 56. Kf5 Kg7
57. Bb3 h5 58. Bd1 Kh6 59. Kxf6 Kh7 60. f5 Kh6 61. Ke7 Kg7 62. f6+ Kg6 63.
Bc2+ { Black resigns } 1-0

[Event "ICC tourney 2532 (25 5)"]
[Site "Internet Chess Club"]
[Date "2021.04.25"]
[Round "6"]
[White "BONAM, SAIGAUTAM:K12-14765995"]
[Black "WEIHENG CHENG, ADRIEN:K12-16318903"]
[Result "1-0"]
[ICCResult "Black checkmated"]
[WhiteElo "2193"]
[BlackElo "1439"]
[Opening "Giuoco Piano"]
[ECO "C54"]
[NIC "IG.02"]
[Time "13:02:02"]
[PlyCount "143"]
[TimeControl "1500+5"]

1. e4 e5 2. Nf3 Nc6 3. Bc4 Bc5 4. c3 Nf6 5. d3 h6 6. O-O d6 7. Nbd2 Bg4 8.
Re1 O-O 9. h3 Bh5 10. Nf1 Bg6 11. Ng3 Nh5 12. Nf5 Bxf5 13. exf5 Na5 14. Bb5
a6 15. Ba4 b5 16. Bc2 Nc6 17. Nxe5 dxe5 18. Qxh5 Qf6 19. Re4 Ne7 20. g4
Rad8 21. Bd2 Kh7 22. Rae1 Ng8 23. Rxe5 g6 24. g5 Qxe5 25. Rxe5 gxh5 26.
Rxc5 Rd7 27. f6 hxg5 28. Bxg5 Rd6 29. d4+ Kh8 30. Rf5 c6 31. Bh4 Rd5 32.
Rf4 Re8 33. Be4 Rd6 34. Bf3 Ree6 35. Bxh5 Nxf6 36. Bxf7 Re1+ 37. Kh2 Kg7
38. Bb3 Re2 39. Bg3 Rxb2 40. Rf5 Rd8 41. Rxf6 Kxf6 42. Bh4+ Kf5 43. Bxd8
Rxf2+ 44. Kg3 Rd2 45. Ba5 Kg5 46. h4+ Kh5 47. Bf7+ Kh6 48. h5 Rd3+ 49. Kg4
Rd1 50. Bg6 Ra1 51. Bc7 Rxa2 52. Bf4+ Kg7 53. Kf5 Rf2 54. Be8 a5 55. Bxc6
b4 56. cxb4 axb4 57. h6+ Kh7 58. Kg5 Re2 59. Bb5 Rg2+ 60. Kf6 b3 61. Bd3+
Kh8 62. Ke6 b2 63. Be5+ Rg7 64. hxg7+ Kg8 65. Bf4 b1=Q 66. Bxb1 Kxg7 67.
Ke7 Kg8 68. d5 Kg7 69. d6 Kh8 70. d7 Kg7 71. Be5+ Kg8 72. d8=Q# { Black
checkmated } 1-0

[Event "ICC tourney 2532 (25 5)"]
[Site "Internet Chess Club"]
[Date "2021.04.25"]
[Round "6"]
[White "M ZHANG, ERIC:K12-14668426"]
[Black "XIAO, EDWARD:K12-15784954"]
[Result "1-0"]
[ICCResult "Black resigns"]
[WhiteElo "2204"]
[BlackElo "1942"]
[Opening "Dutch defense, Rubinstein variation"]
[ECO "A40"]
[NIC "QO.17"]
[Time "13:00:39"]
[PlyCount "133"]
[TimeControl "1500+5"]

1. d4 e6 2. c4 f5 3. Nc3 Nf6 4. Nf3 Bb4 5. Bg5 b6 6. g3 Bb7 7. Bg2 O-O 8.
O-O h6 9. Bxf6 Qxf6 10. Qc2 c5 11. e3 d6 12. Nb5 Qe7 13. a3 Ba5 14. dxc5
bxc5 15. Rfd1 Bc7 16. b4 a6 17. Nc3 cxb4 18. axb4 Nc6 19. Qb2 Rab8 20. b5
axb5 21. Nxb5 Ne5 22. Nxe5 dxe5 23. Bxb7 Rxb7 24. Ra6 Qc5 25. Qa2 f4 26.
exf4 exf4 27. Nxc7 Rxc7 28. Rxe6 Qxc4 29. Qxc4 Rxc4 30. Re7 fxg3 31. hxg3
Kh7 32. Rdd7 Rg8 33. Kg2 Rc2 34. Rf7 Kg6 35. Kh3 Rcc8 36. f4 Rcf8 37. Rfe7
Re8 38. Rd6+ Kh7 39. Ra7 Ra8 40. Rdd7 Rxa7 41. Rxa7 Rf8 42. Kg4 Rf6 43. f5
Kg8 44. Ra8+ Kh7 45. Rb8 Rc6 46. Rb7 Rf6 47. Kf4 Ra6 48. Ke5 h5 49. Rb8 Rh6
50. Kf4 Rf6 51. Kg5 Rf7 52. Rb5 Rc7 53. Kxh5 Rc3 54. g4 Rc6 55. Rb7 Rf6 56.
Kg5 Kg8 57. Kf4 Ra6 58. g5 Kf8 59. g6 Rf6 60. Kg5 Rc6 61. Rb8+ Ke7 62. Rg8
Rc1 63. Rxg7+ Kf8 64. Rf7+ Kg8 65. Ra7 Rg1+ 66. Kf6 Ra1 67. Rxa1 { Black
resigns } 1-0

[Event "ICC tourney 2532 (25 5)"]
[Site "Internet Chess Club"]
[Date "2021.04.25"]
[Round "6"]
[White "JAIN, AKERTH:K12-15757158"]
[Black "MORAN, ELLA:K12-14650774"]
[Result "1-0"]
[ICCResult "Black resigns"]
[WhiteElo "1276"]
[BlackElo "1786"]
[Opening "French: Alapin variation"]
[ECO "C01"]
[NIC "FR.01"]
[Time "13:00:55"]
[PlyCount "159"]
[TimeControl "1500+5"]

1. e4 e6 2. d4 d5 3. Be3 dxe4 4. Nd2 Nf6 5. c3 b6 6. Bb5+ Bd7 7. Bxd7+
Nbxd7 8. Qc2 Be7 9. Nxe4 O-O 10. Nf3 Nxe4 11. Qxe4 Nf6 12. Qc2 Qc8 13. O-O
Rd8 14. Rad1 Qb7 15. Rfe1 Rac8 16. h3 a5 17. a4 c6 18. Qb3 Nd5 19. Bg5 h6
20. Bxe7 Qxe7 21. Ne5 Qg5 22. Nf3 Qf6 23. Kh1 Rb8 24. Qc2 Nf4 25. Re3 Rd5
26. Qe4 c5 27. Ree1 Rbd8 28. Ne5 Qg5 29. Kh2 f5 30. Qf3 cxd4 31. Rxd4 Rxd4
32. cxd4 Rxd4 33. g3 Nd5 34. b3 Qd2 35. Re2 Qd1 36. Qh5 Rd2 37. Qf7+ Kh7
38. Qg6+ Kg8 39. Qxe6+ Kh7 40. Qg6+ Kg8 41. Qf7+ Kh7 42. Qxf5+ Kg8 43. Rxd2
Qxd2 44. Nd3 Nc3 45. Kg2 Nd1 46. Qf3 Nc3 47. Nf4 Qd4 48. Qe3 Qf6 49. Qe6+
Qxe6 50. Nxe6 Kf7 51. Nf4 Ne4 52. Nd5 Nd2 53. Nxb6 Nxb3 54. Nc4 Ke6 55. Kf3
Kd5 56. Nb2 Nd4+ 57. Kf4 g6 58. h4 Ne6+ 59. Ke3 Nc5 60. g4 Ne6 61. Nd3 Nd4
62. Nf4+ Kc5 63. Nxg6 Nc2+ 64. Kf4 Kb4 65. Ne5 Nd4 66. g5 hxg5+ 67. hxg5
Kxa4 68. Nc4 Kb4 69. Nxa5 Kxa5 70. Ke5 Nf3+ 71. Kf6 Nxg5 72. Kxg5 Kb5 73.
f4 Kc6 74. Kg6 Kd7 75. f5 Ke7 76. Kg7 Ke8 77. f6 Kd7 78. f7 Ke7 79. f8=Q+
Ke6 80. Kg6 { Black resigns } 1-0

[Event "ICC tourney 2532 (25 5)"]
[Site "Internet Chess Club"]
[Date "2021.04.25"]
[Round "6"]
[White "TEITELMAN, JACOB:K12-15145191"]
[Black "YORISH, MARK:K12-17264384"]
[Result "0-1"]
[ICCResult "White checkmated"]
[WhiteElo "1689"]
[BlackElo "987"]
[Opening "Nimzo-Indian: classical variation"]
[ECO "E32"]
[NIC "NI.24"]
[Time "13:02:02"]
[PlyCount "164"]
[TimeControl "1500+5"]

1. d4 Nf6 2. c4 e6 3. Nc3 Bb4 4. Qc2 O-O 5. Nf3 b6 6. e3 Bb7 7. Be2 Bxc3+
8. Qxc3 d6 9. O-O Nbd7 10. b3 Qe7 11. Bb2 Rfd8 12. Rfd1 d5 13. Rac1 Rac8
14. Qc2 h6 15. c5 bxc5 16. dxc5 c6 17. Ne5 a6 18. Nxd7 Nxd7 19. b4 e5 20.
a4 Qe6 21. Ba3 Rc7 22. Rd3 Nf6 23. Rb3 Rdc8 24. b5 axb5 25. axb5 cxb5 26.
Rxb5 Bc6 27. Rb6 Qd7 28. Rcb1 Rb7 29. Rxb7 Bxb7 30. Qb2 Bc6 31. Qxe5 Re8
32. Qb2 Ne4 33. Bb5 Rb8 34. Qe5 Rxb5 35. Rxb5 Bxb5 36. f3 Nf6 37. Bb2 Qe6
38. Qd4 Qf5 39. h4 Qd3 40. Qxd3 Bxd3 41. g4 Nd7 42. Bd4 Nb8 43. Kf2 g6 44.
Kg3 Nc6 45. Bc3 Kf8 46. Kf4 Ke7 47. g5 h5 48. Bf6+ Ke6 49. Bc3 Ne7 50. e4
Bb5 51. Bf6 Nc6 52. Ke3 Nb8 53. Bh8 Nd7 54. Kd4 dxe4 55. fxe4 Bc6 56. Bg7
Ke7 57. e5 Ke6 58. Bh8 Kf5 59. Bg7 Kg4 60. e6 fxe6 61. Ke3 Kxh4 62. Kf4 e5+
63. Bxe5 Nxe5 64. Kxe5 Kxg5 65. Kd6 Bf3 66. c6 Bxc6 67. Kxc6 h4 68. Kd5 h3
69. Ke6 h2 70. Ke5 h1=Q 71. Kd4 Qf3 72. Ke5 Qf4+ 73. Ke6 Qf5+ 74. Kd6 Kf4
75. Kc6 Qe5 76. Kd7 Ke4 77. Kc6 Qd5+ 78. Kc7 Ke5 79. Kb6 Kd6 80. Ka6 Qb3
81. Ka5 Kc6 82. Ka6 Qb6# { White checkmated } 0-1

[Event "ICC tourney 2532 (25 5)"]
[Site "Internet Chess Club"]
[Date "2021.04.25"]
[Round "6"]
[White "HUNG, DANIEL:K12-14504425"]
[Black "PULLABHOTLA, VENKATA:K12-15472194"]
[Result "1/2-1/2"]
[ICCResult "Game drawn by mutual agreement"]
[WhiteElo "2185"]
[BlackElo "2153"]
[Opening "Sicilian: closed"]
[ECO "B23"]
[NIC "SI.44"]
[Time "13:01:04"]
[PlyCount "265"]
[TimeControl "1500+5"]

1. e4 c5 2. Nc3 d6 3. f4 g6 4. Nf3 Bg7 5. Bc4 Nc6 6. d3 Nf6 7. O-O O-O 8.
Qe1 Nd4 9. Nxd4 cxd4 10. Ne2 d5 11. exd5 Nxd5 12. Qf2 Ne3 13. Bxe3 dxe3 14.
Qxe3 Bxb2 15. Rad1 Qc7 16. c3 Bg4 17. Rd2 Ba3 18. h3 Bd7 19. Bb3 a5 20. d4
e6 21. Ng3 Rac8 22. Ne4 Be7 23. a4 b5 24. axb5 Bxb5 25. c4 Ba6 26. Rc1 Ra8
27. c5 Bb7 28. Ba4 Bc6 29. Bxc6 Qxc6 30. Nf2 Rfd8 31. Ng4 Qd5 32. Ne5 a4
33. Qf3 a3 34. Qxd5 Rxd5 35. Nf3 Bf6 36. Rcc2 Ra4 37. Ra2 Bxd4+ 38. Nxd4
Rdxd4 39. Rxa3 Rxf4 40. Rxa4 Rxa4 41. Rc2 Kf8 42. Kf2 Ke7 43. Ke3 Kd7 44.
Rd2+ Kc7 45. Rf2 f5 46. Rb2 Re4+ 47. Kf3 Kc6 48. Rb6+ Kxc5 49. Rb7 Rh4 50.
Rd7 Kc6 51. Ra7 Kd6 52. Kg3 Rh5 53. Kf3 Ke5 54. Kg3 Kf6 55. Kf3 Rh4 56. Kg3
g5 57. Kf2 h6 58. Ra6 Re4 59. Kf3 Rb4 60. Kf2 Rb3 61. Ke2 h5 62. Kf2 h4 63.
Ke2 Rb2+ 64. Kf3 Rb3+ 65. Kf2 Rg3 66. Ra5 f4 67. Ra8 f3 68. gxf3 Rxh3 69.
Kg2 Rg3+ 70. Kf2 Kf5 71. Rf8+ Ke5 72. Ra8 Kf4 73. Ra4+ Kf5 74. Ra8 Rh3 75.
Kg2 Rg3+ 76. Kf2 g4 77. Rf8+ Ke5 78. fxg4 Rxg4 79. Rh8 Kf4 80. Rf8+ Ke4 81.
Rh8 e5 82. Ra8 Rf4+ 83. Ke2 Kf5 84. Rf8+ Kg4 85. Rg8+ Kf5 86. Rf8+ Ke4 87.
Ra8 Kd5 88. Rd8+ Ke6 89. Re8+ Kf6 90. Rf8+ Kg5 91. Rg8+ Kh5 92. Rh8+ Kg4
93. Rg8+ Kh3 94. Ke3 Kh2 95. Ke2 h3 96. Rg5 Re4+ 97. Kf3 Rf4+ 98. Ke3 Rf1
99. Ke2 Ra1 100. Rxe5 Ra2+ 101. Kf1 Rg2 102. Rf5 Kg3 103. Rg5+ Kh2 104. Rf5
Rg8 105. Kf2 Kh1 106. Rh5 h2 107. Rh7 Rg2+ 108. Kf1 Rg5 109. Kf2 Ra5 110.
Kg3 Rg5+ 111. Kf2 Ra5 112. Rh8 Ra6 113. Rh7 Rf6+ 114. Ke1 Rf5 115. Rg7 Rf4
116. Ke2 Rf6 117. Ke1 Ra6 118. Kf2 Ra2+ 119. Kf1 Ra1+ 120. Kf2 Rg1 121. Rh7
Rg6 122. Kf1 Rg5 123. Kf2 Rg8 124. Kf1 Rg6 125. Kf2 Rf6+ 126. Ke2 Kg2 127.
Rg7+ Kh3 128. Rh7+ Kg3 129. Rg7+ Kf4 130. Rh7 Ra6 131. Kf1 Kf3 132. Rh3+
Kg4 133. Rxh2 { Game drawn by mutual agreement } 1/2-1/2

[Event "ICC tourney 2532 (25 5)"]
[Site "Internet Chess Club"]
[Date "2021.04.25"]
[Round "6"]
[White "DYLAN HUDSON, QUINN:K12-14347301"]
[Black "KATE LEE, YESUN:K12-15365623"]
[Result "1-0"]
[ICCResult "Black resigns"]
[WhiteElo "2141"]
[BlackElo "1891"]
[Opening "English: symmetrical, main line with d4"]
[ECO "A39"]
[NIC "EO.26"]
[Time "13:00:33"]
[PlyCount "129"]
[TimeControl "1500+5"]

1. Nf3 Nf6 2. c4 c5 3. g3 g6 4. Bg2 Bg7 5. O-O O-O 6. Nc3 Nc6 7. d4 cxd4 8.
Nxd4 Nxd4 9. Qxd4 d6 10. e4 Ng4 11. Qd3 Ne5 12. Qe2 Be6 13. Nd5 Rc8 14. Bg5
f6 15. Be3 b6 16. Rac1 Qd7 17. b3 Rce8 18. f4 Nc6 19. f5 gxf5 20. exf5 Bxf5
21. Nxb6 axb6 22. Bxc6 Qxc6 23. Rxf5 Qe4 24. Qf2 e6 25. Rb5 f5 26. Re1 Qg4
27. Qf4 Qxf4 28. gxf4 e5 29. Rd1 Rf6 30. Rxb6 Rg6+ 31. Kf1 exf4 32. Bxf4
Rg4 33. Bg3 f4 34. Bf2 Be5 35. Bd4 f3 36. Bxe5 dxe5 37. Rf6 e4 38. Re1 Rg2
39. Rxf3 exf3 40. Rxe8+ Kf7 41. Re3 Rxa2 42. Rxf3+ Ke6 43. Rf2 Ra1+ 44. Kg2
Rb1 45. Rf3 Rb2+ 46. Kg3 Ke5 47. h4 h5 48. Re3+ Kd4 49. Kf4 Rg2 50. Rg3
Rf2+ 51. Kg5 Ke5 52. Kxh5 Rf6 53. Kg5 Rf8 54. Re3+ Kd4 55. Re7 Kc3 56. Rb7
Rg8+ 57. Kh5 Rh8+ 58. Kg4 Rg8+ 59. Kh3 Kd3 60. c5 Ke4 61. c6 Rc8 62. c7 Kd5
63. h5 Kc6 64. Rb4 Kd7 65. Rc4 { Black resigns } 1-0

[Event "ICC tourney 2532 (25 5)"]
[Site "Internet Chess Club"]
[Date "2021.04.25"]
[Round "7"]
[White "KIM, GUNN:K12-16270570"]
[Black "OMAR NAVARRETE, JONATHAN:K12-30101198"]
[Result "1-0"]
[ICCResult "Black resigns"]
[WhiteElo "1640"]
[BlackElo "1062"]
[Opening "Scotch gambit"]
[ECO "C44"]
[NIC "SO.06"]
[Time "15:00:20"]
[PlyCount "23"]
[TimeControl "1500+5"]

1. e4 e5 2. Nf3 Nc6 3. d4 exd4 4. Bc4 Bc5 5. c3 dxc3 6. Bxf7+ Kxf7 7. Qd5+
Ke8 8. Qh5+ g6 9. Qxc5 Qe7 10. Qxc3 Qxe4+ 11. Kd1 Nb4 12. Re1 { Black
resigns } 1-0

[Event "ICC tourney 2532 (25 5)"]
[Site "Internet Chess Club"]
[Date "2021.04.25"]
[Round "7"]
[White "CHARLES ENGERISER, WILSON:K12-14899274"]
[Black "BALAJI, SOORYA:K12-16773233"]
[Result "1-0"]
[ICCResult "Black checkmated"]
[WhiteElo "1089"]
[BlackElo "463"]
[Opening "Sicilian: Najdorf"]
[ECO "B90"]
[NIC "SI.14"]
[Time "15:03:56"]
[PlyCount "51"]
[TimeControl "1500+5"]

1. e4 c5 2. Nf3 d6 3. d4 cxd4 4. Nxd4 Nf6 5. Nc3 a6 6. Bd3 e5 7. Nf3 Bg4 8.
Nd5 Nxd5 9. exd5 Qf6 10. c4 Bxf3 11. gxf3 Nd7 12. Qb3 Rb8 13. Be2 Nc5 14.
Qc3 e4 15. fxe4 Nxe4 16. Qe3 g6 17. f3 g5 18. Qxe4+ Be7 19. Rg1 Rc8 20.
Bxg5 Qe6 21. dxe6 Bxg5 22. exf7+ Kxf7 23. Rxg5 Rce8 24. Rf5+ Kg6 25. Qg4+
Kh6 26. Rh5# { Black checkmated } 1-0

[Event "ICC tourney 2532 (25 5)"]
[Site "Internet Chess Club"]
[Date "2021.04.25"]
[Round "7"]
[White "WADE, WILL:K12-15902787"]
[Black "HELLER, HARRY:K12-15613721"]
[Result "0-1"]
[ICCResult "White resigns"]
[WhiteElo "1156"]
[BlackElo "1820"]
[Opening "Ruy Lopez: Berlin defense, open variation"]
[ECO "C67"]
[NIC "RL.07"]
[Time "15:00:58"]
[PlyCount "38"]
[TimeControl "1500+5"]

1. e4 e5 2. Nf3 Nc6 3. Bb5 Nf6 4. O-O Nxe4 5. Re1 Nd6 6. Nxe5 Nxe5 7. Rxe5+
Be7 8. Bf1 O-O 9. d4 b6 10. c3 Bb7 11. Bf4 Ne4 12. f3 Ng5 13. Re1 Ne6 14.
Be3 Bg5 15. Bxg5 Qxg5 16. Nd2 Nf4 17. Ne4 Bxe4 18. Rxe4 Nh3+ 19. Kh1 Nf2+ {
White resigns } 0-1